 Dungeon Crawl Stone Soup version 0.23.0 (webtiles) character file.

Game seed: 4897862268016052187

182 Borgoz the Cutter (level 5, -10/33 HPs)
             Began as a Kobold Monk on Feb 16, 2019.
             Killed from afar by an orc wizard (12 damage)
             ... with a puff of frost
             ... on level 3 of the Dungeon.
             The game lasted 00:05:57 (3004 turns).

Borgoz the Cutter (Kobold Monk)                     Turns: 3004, Time: 00:05:58

Health: -10/33     AC:  7    Str:  8    XL:     5   Next: 93%
Magic:  5/5        EV: 24    Int: 11    God:
Gold:   150        SH:  0    Dex: 19    Spells: 4/4 levels left

rFire    . . .     SeeInvis .   p - +0 rapier
rCold    . . .     Gourm    .   (shield restricted)
rNeg     . . .     Faith    .   u - +0 ring mail (curse)
rPois    .         Spirit   .   i - +0 helmet
rElec    .         Reflect  .   j - +0 cloak
rCorr    .         Harm     .   (no gloves)
MR       .....                  (no boots)
Stlth    +++.......             v - amulet of the acrobat
HPRegen  0.11/turn              f - +6 ring of evasion
MPRegen  0.09/turn              g - +4 ring of evasion

@: no status effects
A: small, carnivore
a: no special abilities


You were on level 3 of the Dungeon.
You were very full.

You visited 1 branch of the dungeon, and saw 4 of its levels.

You collected 150 gold pieces.

Inventory:

Hand Weapons
 p - a +0 rapier (weapon)
Armour
 i - a +0 helmet (worn)
 j - a +0 cloak (worn)
 u - a cursed +0 ring mail (worn)
Jewellery
 b - an uncursed ring of magical power {unknown}
 f - a +6 ring of evasion (left hand)
 g - a +4 ring of evasion (right hand)
 v - an amulet of the acrobat (around neck)
Scrolls
 k - a scroll of remove curse
 l - a scroll of enchant weapon {unknown}
 m - a scroll of teleportation {unknown}
 n - a scroll of random uselessness {unknown}
 o - a scroll of noise {unknown}
 q - a scroll of fear {unknown}
 r - a scroll of amnesia {unknown}
 s - a scroll of identify
 t - a scroll of magic mapping {unknown}
 w - a scroll of blinking {unknown}
 x - a scroll of immolation {unknown}
Potions
 d - a potion of brilliance
 h - a potion of flight
Comestibles
 c - 8 rations
 z - a chunk of flesh


   Skills:
 + Level 4.0 Fighting
 * Level 5.7 Short Blades
 + Level 4.4 Dodging
 * Level 5.0 Stealth


You had 4 spell levels left.
You didn't know any spells.
Your spell library contained the following spells:

 Spells                   Type           Power        Failure   Level  Hunger
 Confusing Touch          Hex            #.....       73%         1    ##.....
 Confuse                  Hex            #.......     97%         3    ####...
 Gell's Gravitas          Tloc           #.........   97%         3    ####...
 Petrify                  Tmut/Erth      #.......     100%        4    #####..
 Metabolic Englaciation   Hex/Ice        #.........   100%        5    ######.
 Yara's Violent Unravell  Hex/Tmut       #.........   100%        5    ######.


Dungeon Overview and Level Annotations

Branches:
Dungeon (4/15)
 Temple: D:4-7

Altars:


Innate Abilities, Weirdness & Mutations

You are small and have problems with some larger weapons.
You are carnivorous and can eat meat at any time.


Message History

You hit the orc wizard.
The orc wizard is heavily wounded.
The orc wizard casts a spell at you. The magic dart hits you.
The orc wizard looks encouraged for a moment.
You barely miss the orc wizard.
The orc wizard is heavily wounded.
The orc wizard barely misses you.
You hit the orc wizard.
The orc wizard is severely wounded.
The orc wizard gestures at you while chanting.
The puff of flame hits you!
* * * LOW HITPOINT WARNING * * *
Okay, then.
Okay, then.
You closely miss the orc wizard.
The orc wizard is severely wounded.
The orc wizard casts a spell at you. The puff of frost hits you!
You die...

#############
#....[....o@# ###
#.#########.# ..#
#.# #.# #.## #.#
#.# .#.###.######
#.# ###...).....#
#.# .#.###.####.##
#.#
#......###...###.#
#####..##.#.#.##.#


You could see an orc wizard.

Vanquished Creatures
  An orc priest (D:3)
  5 adders
  An ooze (D:3)
  2 dart slugs
  3 leopard geckos (D:1)
  8 orcs
  7 bats
  10 giant cockroaches
  6 goblins
  12 hobgoblins
  6 jackals
  2 quokkas (D:2)
  A ball python (D:2)
  3 frilled lizards
  8 kobolds
  8 rats
83 creatures vanquished.

Notes
Turn   | Place    | Note
-------+----------+-------------------------------------------
     0 | D:1      | Borgoz the Kobold Monk began the quest for the Orb.
     0 | D:1      | Reached XP level 1. HP: 14/14 MP: 1/1
   188 | D:1      | Reached XP level 2. HP: 16/19 MP: 2/2
   540 | D:1      | Reached XP level 3. HP: 23/23 MP: 3/3
  1301 | D:2      | Reached XP level 4. HP: 29/29 MP: 4/4
  1395 | D:2      | Reached skill level 5 in Short Blades
  1983 | D:3      | Reached XP level 5. HP: 27/33 MP: 5/5
  2713 | D:3      | Reached skill level 5 in Stealth
  2717 | D:3      | Noticed an orc warrior
  3004 | D:3      | Killed from afar by an orc wizard

Skill      XL: |  1  2  3  4  5 |
---------------+----------------+-----
Stealth        | 3 4 5 |  5.0
Dodging        | 4 |  4.4
Short Blades   | 5 |  5.7
Fighting       | 4 |  4.0

Action                   |  1- 3 |  4- 6 || total
-------------------------+-------+-------++-------
Melee: Short sword       |   146 |   238 ||   384
       Rapier            |       |    24 ||    24
  Use: Scroll            |       |     4 ||     4
       Potion            |       |     2 ||     2
 Stab: Sleeping          |     4 |     7 ||    11
  Eat: Chunk             |     9 |     6 ||    15
Armor: Robe              |    12 |     6 ||    18
       Ring mail         |       |    14 ||    14
Dodge: Dodged            |   124 |   231 ||   355
